 Dungeon Crawl Stone Soup version 0.19.4-12-gccf7e64 (webtiles) character file.

35 volk64 the Vexing (level 3, -4/20 HPs)
             Began as a Kobold Arcane Marksman on Feb 26, 2017.
             Slain by Sigmund
             ... wielding a +0 scythe
              (9 damage)
             ... on level 2 of the Dungeon on Feb 27, 2017.
             The game lasted 00:10:41 (1095 turns).

volk64 the Vexing (Kobold Arcane Marksman)          Turns: 1095, Time: 00:10:41

Health: -4/20      AC:  2    Str:  8    XL:     3   Next: 55%
Magic:  1/5        EV: 15    Int: 14    God:
Gold:   65         SH:  0    Dex: 15    Spells: 2 memorised, 2 levels left

rFire  . . .     SeeInvis .     a - +0 hand crossbow
rCold  . . .     Gourm    .     e - +0 robe
rNeg   . . .     Faith    .     (shield restricted)
rPois  .         Spirit   .     (no helmet)
rElec  .         Reflect  .     (no cloak)
rCorr  .         Harm     .     (no gloves)
MR     .....                    (no boots)
Stlth  +.........               (no amulet)
                                (no ring)
                                (no ring)

@: very slightly contaminated
A: carnivore 3
a: no special abilities


You were on level 2 of the Dungeon.
You were completely stuffed.

You visited 1 branch of the dungeon, and saw 2 of its levels.

You collected 65 gold pieces.

Inventory:

Hand Weapons
 a - a +0 hand crossbow (weapon)
 g - a +0 whip
 l - a +2 dagger of draining
Missiles
 d - 9 bolts (quivered)
 k - 8 curare-tipped needles
 n - 39 stones
Armour
 e - a +0 robe (worn)
Jewellery
 h - an uncursed ring of protection from cold {unknown}
Scrolls
 m - 2 scrolls of identify {unknown}
 o - a scroll of amnesia {unknown}
 q - a scroll of enchant armour {unknown}
Potions
 b - 2 potions of heal wounds {unknown}
 i - a potion of curing {unknown}
 j - a potion of lignification {unknown}
Books
 c - a book of Debilitation

   Spells                             Type                      Level
   a - Corona                         Hexes                        1
   b - Slow                           Hexes                        2
   c - Gell's Gravitas                Hexes/Translocation          3
   d - Inner Flame                    Hexes/Fire                   3
   e - Cause Fear                     Hexes                        4
   f - Leda's Liquefaction            Hexes/Earth                  4
Comestibles
 f - a meat ration
 p - 3 chunks of flesh


   Skills:
 + Level 1.2 Fighting
 + Level 3.0 Crossbows
 + Level 2.5 Dodging
 + Level 1.7 Spellcasting
 + Level 3.6 Hexes


You had 2 spell levels left.
You knew the following spells:

 Your Spells              Type           Power        Failure   Level  Hunger
a - Corona                Hex            ##.....      6%          1    ##.....
b - Slow                  Hex            ##......     10%         2    ###....


Dungeon Overview and Level Annotations

Branches:
Dungeon (2/15)

Altars:

Annotations:
D:2 Sigmund


Innate Abilities, Weirdness & Mutations

You are small and have problems with some larger weapons.
You are carnivorous and can eat meat at any time.


Message History

Confirm with . or Enter, or press ? or * to list all spells.
Aiming: Corona
Press: ? - help, Shift-Dir - straight line, f/p - Sigmund
Aim: Sigmund, wielding a scythe and wearing a robe (chance to defeat MR: 55%) Sigmund struggles to resist.
Sigmund laughs darkly.
Sigmund misses you.
Firing (i - inventory. (,) - cycle):
d - 11 bolts (quivered)
Press: ? - help, Shift-Dir - straight line, f/p - Sigmund
Aim: Sigmund, wielding a scythe and wearing a robe You shoot a bolt.
The bolt hits Sigmund!
Sigmund is moderately wounded.
Sigmund casts a spell at you. You resist with significant effort.
Firing (i - inventory. (,) - cycle):
d - 10 bolts (quivered)
Press: ? - help, Shift-Dir - straight line, f/p - Sigmund
Aim: Sigmund, wielding a scythe and wearing a robe (moderately wounded)
You shoot a bolt. The bolt barely misses Sigmund.
Sigmund hits you from afar with a scythe!
You die...

.............####..........#
.........###...............#
##.........................#
.....#####.######..........#
####.. #...## #..........#
#### ###.)###..........#
#....#.)............#
####.####...........# #.
#@########### ## #......#
##.@...# .....# .....#
....(# ....%# ####..


You could see Sigmund.

Vanquished Creatures
  A worm (D:1)
  A dart slug (D:2)
  A leopard gecko (D:1)
  4 bats (D:1)
  2 giant cockroaches (D:1)
  3 goblins (D:1)
  3 hobgoblins
  2 kobolds (D:2)
  A quokka (D:2)
  5 frilled lizards
  7 rats
30 creatures vanquished.

Notes
Turn   | Place    | Note
-------+----------+-------------------------------------------
     0 | D:1      | volk64 the Kobold Arcane Marksman began the quest for the Orb.
     0 | D:1      | Reached XP level 1. HP: 12/12 MP: 2/2
   188 | D:1      | Reached XP level 2. HP: 16/16 MP: 3/3
   206 | D:1      | Learned a level 2 spell: Slow
   747 | D:1      | Reached XP level 3. HP: 20/20 MP: 0/4
   896 | D:2      | Noticed Sigmund
  1095 | D:2      | Slain by Sigmund

Skill      XL: |  1  2  3 |
---------------+----------+-----
Crossbows      | 3 |  3.0
Fighting       | |  1.2
Dodging        | |  2.5
Spellcasting   | |  1.7
Hexes          | |  3.6

Action                   || total
-------------------------++-------
Melee: Dagger            ||    13
 Fire: Hand crossbow     ||    47
 Cast: Corona            ||    22
       Slow              ||     6
  Eat: Chunk             ||    10
Armor: Robe              ||     5
Dodge: Dodged            ||    20
